 Dungeon Crawl Stone Soup version 0.27.1 (webtiles) character file.

Game seed: 8480432475134772695

142 thugbe the Shield-Bearer (level 5, -5/47 HPs)
             Began as a Minotaur Fighter on Aug 27, 2021.
             Was a Follower of Nemelex Xobeh.
             Slain by Sigmund (11 damage)
             ... on level 4 of the Dungeon.
             The game lasted 00:30:18 (4681 turns).

thugbe the Shield-Bearer (Minotaur Fighter)         Turns: 4681, Time: 00:30:19

Health: -5/47      AC: 12    Str: 21    XL:     5   Next: 4%
Magic:  4/4        EV:  4    Int:  5    God:    Nemelex Xobeh [*.....]
Gold:   240        SH:  9    Dex: 10    Spells: 4/4 levels left

rFire    x . .     SeeInvis .   a - +0 war axe
rCold    + . .     Faith    +   c - +0 kite shield
rNeg     . . .     Spirit   .   o - +0 plate armour
rPois    .         Reflect  .   (helmet restricted)
rElec    .         Harm     .   (no cloak)
rCorr    .         Rampage  .   (no gloves)
Will     .....                  (no boots)
Stlth    ..........             f - amulet of faith
HPRegen  0.15/turn              m - ring of ice
MPRegen  0.09/turn              (no ring)

@: no status effects
A: horns 2, retaliatory headbutt
a: Renounce Religion, Draw Escape, Draw Destruction, Draw Summoning


You were on level 4 of the Dungeon.
You worshipped Nemelex Xobeh.
Nemelex Xobeh was aware of your devotion.
You visited 1 branch of the dungeon, and saw 4 of its levels.

You collected 240 gold pieces.

Inventory:

Hand Weapons
 a - a +0 war axe (weapon)
 g - a +0 hunting sling
Missiles
 j - 71 stones (quivered)
 n - 15 sling bullets
Armour
 c - a +0 kite shield (worn)
 o - a +0 plate armour (worn)
Jewellery
 f - an amulet of faith (around neck)
 m - a ring of ice (left hand)
Scrolls
 e - a scroll of blinking {unknown}
 i - a scroll of noise {unknown}
 k - a scroll of summoning {unknown}
 l - 2 scrolls of amnesia {unknown}
Potions
 d - a potion of might
 h - a potion of berserk rage {unknown}


   Skills:
 + Level 4.4 Fighting
 + Level 3.6 Axes
 + Level 4.5 Armour
 + Level 0.7 Dodging
 + Level 0.1 Stealth
 + Level 4.8 Shields


You had 4 spell levels left.
You didn't know any spells.
Your spell library contained the following spells:

 Spells                   Type           Power      Damage    Failure   Level
 Magic Dart               Conj           0%         1d3       100%        1
 Call Imp                 Summ           0%         N/A       100%        2
 Mephitic Cloud           Conj/Pois/Air  0%         N/A       100%        3


Dungeon Overview and Level Annotations

Branches:
Dungeon (4/15)
 Temple: D:4-7

Altars:
Makhleb
Nemelex Xobeh

Shops:
D:1 *

Annotations:
D:4 Sigmund


Innate Abilities, Weirdness & Mutations

You have a pair of horns on your head.
You reflexively headbutt those who attack you in melee.


Message History

Sigmund burns you.
Sigmund hits you with a +3 scythe of flaming.
Sigmund burns you.
You bump into the rock wall.
You bump into the rock wall.
Sigmund completely misses you.
You feel less confused.
Sigmund hits you from afar with a +3 scythe of flaming.
Sigmund burns you.
There is a stone staircase leading up here.
You climb upwards.
There is a stone staircase leading down here.
You start resting.
HP restored.
There is a stone staircase leading down here.
You climb downwards.
Level annotation: Sigmund Sigmund mumbles some strange words.
Sigmund flickers and vanishes!
Deactivating autopickup; reactivate with Ctrl-A.
There is a stone staircase leading up here.
Something hits you but does no damage.
You miss something. Something hits you. Something burns you.
You slash something! You headbutt something! Something hits you!
Something burns you!
You hear some strange, mumbled words.
You are confused.
There is a stone staircase leading up here.
In your confused state, you trip and fall back down the stairs.
Something hits you. Something burns you.
* * * LOW HITPOINT WARNING * * *
Something hits you.
* * * LOW HITPOINT WARNING * * *
Something burns you.
* * * LOW HITPOINT WARNING * * *
In your confused state, you trip and fall back down the stairs.
* * * LOW HITPOINT WARNING * * *
You feel less confused. Something hits you!
You die...
Your body disappears without a glow.

#.... #...
### #... ..#
#.. #.# #..
#<# #.# ###
###.#
#...########
#.#†..{@<..#
# #.########
#.# #.. #..
#..# ##.# ##


There were no monsters in sight!

Vanquished Creatures
  An iguana (D:2)
  5 adders
  2 worms
  4 dart slugs (D:1)
  5 bats
  4 endoplasms
  6 giant cockroaches
  4 goblins
  6 hobgoblins
  6 kobolds
  A quokka (D:1)
  7 ball pythons
  3 frilled lizards
  A rat (D:3)
55 creatures vanquished.

Vanquished Creatures (others)
  6 fungi (D:3)
  4 toadstools (D:3)
10 creatures vanquished.

Grand Total: 65 creatures vanquished

Notes
Turn   | Place    | Note
-------+----------+-------------------------------------------
     0 | D:1      | thugbe the Minotaur Fighter began the quest for the Orb.
     0 | D:1      | Reached XP level 1. HP: 19/19 MP: 0/0
   293 | D:1      | Reached XP level 2. HP: 23/27 MP: 1/1
   454 | D:1      | Reached XP level 3. HP: 33/33 MP: 2/2
   589 | D:1      | Found Ycral's General Store.
  1516 | D:2      | Reached XP level 4. HP: 30/40 MP: 3/3
  3485 | D:3      | Found a faded altar of an unknown god.
  3727 | D:3      | Became a worshipper of Nemelex Xobeh the Trickster
  3727 | D:3      | Reached * piety under Nemelex Xobeh
  4463 | D:4      | Found a burning altar of Makhleb.
  4500 | D:4      | Noticed Sigmund
  4504 | D:4      | Reached XP level 5. HP: 43/47 MP: 4/4
  4681 | D:4      | Slain by Sigmund

Illustrated notes

Levels and vault maps discovered:
D:1:      dpeg_arrival_chambers_temple_mockup, layout_loops_ring, serial_shops,
          shop, amcnicky_mini_corridor_feature, minmay_bisected
D:2:      layout_basic, dk_noncrumbling_2, hangedman_decor_points
D:3:      layout_loops_cross, chequers_ecumenical_altar_island,
          corexii_item_surrounded_by_moat, minmay_gold_behind_fungi,
          kennysheep_generic_room_12
D:4:      layout_basic, mainiacjoe_overflow_tiny_flanked, bloody_makhleb,
          lemuel_temple_firewalk_a, uniq_duvessa, uniq_grinder, uniq_sigmund

Skill      XL: |  1  2  3 |
---------------+----------+-----
Shields        | 4 |  4.8
Fighting       | 4 |  4.4
Armour         | 4 |  4.5
Axes           | 3 |  3.6
Dodging        | |  0.7
Stealth        | |  0.1

Action                   |  1- 3 |  4- 6 || total
-------------------------+-------+-------++-------
Melee: War axe           |    65 |    58 ||   123
       Headbutt          |    15 |    10 ||    25
Armor: Scale mail        |    29 |    19 ||    48
       Plate armour      |       |     3 ||     3
Dodge: Dodged            |    23 |    14 ||    37
Block: Kite shield       |    51 |    26 ||    77
